 Dungeon Crawl Stone Soup version 0.28.0 (console) character file.

Game seed: 2025318538947214128

798 Cab the Cleaver (level 7, -5/59 HPs)
             Began as a Demonspawn Fighter on Feb 5, 2022.
             Slain by Sigmund (6 damage)
             ... on level 4 of the Dungeon.
             The game lasted 00:07:08 (2919 turns).

Cab the Cleaver (Demonspawn Fighter)                Turns: 2919, Time: 00:07:08

Health: -5/59      AC:  8    Str: 17    XL:     7   Next: 58%
Magic:  7/7        EV:  9    Int: 11    God:
Gold:   99         SH:  9    Dex: 12    Spells: 6/6 levels left

rFire   + . .      SeeInvis .   a - +0 war axe
rCold   + . .      Faith    .   c - +0 buckler
rNeg    + . .      Spirit   .   b - +0 scale mail
rPois   +          Reflect  +   (helmet restricted)
rElec   +          Harm     .   (no cloak)
rCorr   +          Rampage  .   (no gloves)
Will    .....                   (no boots)
Stlth   ..........              h - amulet of reflection
HPRegen 0.19/turn               k - ring of positive energy
MPRegen 0.10/turn               (no ring)

@: mighty, resistant
A: claws 2, demonic guardian 2, powered by pain 1, sharp scales 1, horns 1,
clever 1, weak 1
a: no special abilities


You were on level 4 of the Dungeon.
You visited 1 branch of the dungeon, and saw 4 of its levels.

You collected 99 gold pieces.

Inventory:

Hand Weapons
 a - a +0 war axe (weapon)
Armour
 b - a +0 scale mail (worn)
 c - a +0 buckler (worn)
Jewellery
 h - an amulet of reflection (around neck)
 k - a ring of positive energy (left claw)
Wands
 r - a wand of flame (26)
Scrolls
 e - a scroll of enchant weapon {unknown}
 m - 2 scrolls of vulnerability {unknown}
 n - 2 scrolls of enchant armour {unknown}
 o - 2 scrolls of teleportation {unknown}
 p - 2 scrolls of identify {unknown}
Potions
 d - 2 potions of might
 f - a potion of ambrosia {unknown}
 g - a potion of magic
 i - a potion of resistance


   Skills:
 - Level 6.8 Fighting
 + Level 10.4 Axes
 - Level 6.2 Armour
 - Level 2.6 Shields


You had 6 spell levels left.
You didn't know any spells.
Your spell library was empty.

Dungeon Overview and Level Annotations

Branches:
Dungeon (4/15)
 Temple: D:4-7

Altars:

Annotations:
D:4 Sigmund


Innate Abilities, Weirdness & Mutations

You have very sharp fingernails.
A demonic guardian rushes to your aid.
You sometimes gain a little power by taking damage.
You are partially covered in razor-sharp scales. (AC +1, Slay +1)
You have a pair of small horns on your head.
Your mind is acute. (Int +2)
You are weak. (Str -2)


Message History

Sigmund zaps a wand.
Some rock shatters into small pieces.
Unknown command.
You feel very mighty all of a sudden.
Sigmund gestures wildly while chanting.
Sigmund flickers and vanishes!
Deactivating autopickup; reactivate with Ctrl-A.
Something hits you!
You closely miss something. Something hits you!
You barely miss something. Something hits you!
It was a potion of resistance.
You feel protected.
You miss something. Something hits you!
* * * LOW HITPOINT WARNING * * *
A demonic guardian appears!
Press: ? - help, v - describe, . - travel
Here: an ice devil (summoned, friendly)
The floor.
It was a potion of magic.
Magic courses through your body.
You hear some strange, mumbled words.
You are confused.
It was a potion of curing.
You feel better. Something hits you.
Press: ? - help, v - describe, . - travel The floor.
You closely miss something. Something hits you!
* * * LOW HITPOINT WARNING * * *
Press: ? - help, v - describe, . - travel The floor, spattered with blood.
It was a potion of experience.
You feel more experienced!
Your Fighting skill gained 3 levels and is now at level 6!
Your Axes skill gained 4 levels and is now at level 10!
Your Armour skill gained 4 levels and is now at level 6!
You have reached level 7!
Your demonic ancestry asserts itself...
You feel energised by your suffering.
It was a potion of mutation.
You feel extremely strange.
You feel clever.
You feel weaker. A pair of horns grows on your head!
Your fingernails sharpen.
Something hits you.
You die...

∙≈∙▒▒▒▒▒∙≈∙▒ ▒
∙#∙#∙∙∙∙∙≈∙▒▒ ▒
≈≈≈≈≈≈≈##∙∙▒ ▒
∙#∙∙∙∙∙∙∙∙▒ ▒
▒∙∙∙∙∙!∙∙▒ ▒ ▒∙∙∙∙∙∙∙▒
▒▒▒▒▒▒∙∙[∙∙∙▒
▒▒▒)∙∙∙∙∙∙∙∙∙∙▒
▒∙∙∙∙∙{@∙∙∙∙▒▒▒
▒∙∙∙∙▒4∙∙∙∙[▒▒ ▒∙∙
▒∙∙∙∙∙∙∙▒ ▒ ▒∙∙∙∙∙∙∙▒
▒∙∙∙∙∙∙∙▒ ▒∙∙∙∙∙∙∙▒
▒∙∙∙∙∙∙∙▒▒▒▒▒▒▒▒▒▒▒
▒∙∙∙∙∙∙∙∙∙∙∙∙∙∙∙∙∙∙∙∙∙
▒▒▒▒▒▒▒▒▒▒▒▒▒▒▒▒▒▒▒▒▒▒


You could see a friendly ice devil (summoned).

Vanquished Creatures
  Grinder (D:3)
  A phantom (D:3)
  A hound (D:2)
  3 gnolls
  3 adders
  An adder skeleton (D:4)
  4 dart slugs
  7 endoplasms
  A giant cockroach (D:2)
  3 hobgoblins
  2 jackals (D:3)
  7 kobolds
  A quokka (D:4)
  7 ball pythons
  6 bats
  A frilled lizard (D:1)
  4 goblins
  6 rats
59 creatures vanquished.

Vanquished Creatures (collateral kills)
  A worm (D:3)
1 creature vanquished.

Grand Total: 60 creatures vanquished

Notes
Turn   | Place    | Note
-------+----------+-------------------------------------------
     0 | D:1      | Cab the Demonspawn Fighter began the quest for the Orb.
     0 | D:1      | Reached XP level 1. HP: 18/18 MP: 1/1
    11 | D:1      | Reached skill level 2 in Axes
   209 | D:1      | Gained mutation: You have sharp fingernails. [demonic
                  | ancestry]
   209 | D:1      | Reached XP level 2. HP: 24/24 MP: 2/2
   848 | D:1      | Reached skill level 3 in Axes
   944 | D:1      | Gained mutation: A weak demonic guardian rushes to your
                  | aid. [demonic ancestry]
   944 | D:1      | Reached XP level 3. HP: 23/29 MP: 3/3
  1436 | D:2      | Reached skill level 4 in Axes
  1436 | D:2      | Gained mutation: A demonic guardian rushes to your aid.
                  | [demonic ancestry]
  1436 | D:2      | Reached XP level 4. HP: 33/35 MP: 4/4
  1620 | D:2      | Found a faded altar of an unknown god.
  1795 | D:3      | Noticed a phantom
  1806 | D:3      | Killed a phantom
  1807 | D:3      | Reached skill level 5 in Axes
  1807 | D:3      | Gained mutation: You are partially covered in razor-sharp
                  | scales. (AC +1, Slay +1) [demonic ancestry]
  1807 | D:3      | Reached XP level 5. HP: 30/41 MP: 5/5
  2098 | D:3      | Noticed Grinder
  2103 | D:3      | Paralysed by Grinder for 7 turns
  2114 | D:3      | Killed Grinder
  2115 | D:3      | Reached skill level 6 in Axes
  2115 | D:3      | Reached XP level 6. HP: 38/47 MP: 6/6
  2904 | D:4      | Noticed Sigmund
  2917 | D:4      | HP: 1/47 [something (12)]
  2918 | D:4      | Reached skill level 10 in Axes
  2918 | D:4      | Gained mutation: You sometimes gain a little power by
                  | taking damage. [demonic ancestry]
  2918 | D:4      | Reached XP level 7. HP: 1/59 MP: 7/7
  2919 | D:4      | Gained mutation: Your mind is acute. (Int +2) [potion of
                  | mutation]
  2919 | D:4      | Gained mutation: You are weak. (Str -2) [potion of
                  | mutation]
  2919 | D:4      | Gained mutation: You have a pair of small horns on your
                  | head. [potion of mutation]
  2919 | D:4      | Gained mutation: You have very sharp fingernails. [potion
                  | of mutation]
  2919 | D:4      | Slain by Sigmund

Illustrated notes

Levels and vault maps discovered:
D:1:      psy_arrival_spokes, layout_loops_ring
D:2:      layout_basic, hellmonk_ecumenical_altar_leap_of_faith
D:3:      layout_basic, serial_rivers, chequers_serial_rivers_small_a,
          chequers_serial_rivers_room_b, chequers_serial_rivers_room_a,
          chequers_serial_rivers_small_3, chequers_serial_rivers_room_a,
          uniq_grinder
D:4:      layout_basic, mainiacjoe_overflow_brackets, uniq_blork_the_orc,
          uniq_sigmund

Skill      XL: |  1  2  3  4  5  6 |
---------------+-------------------+-----
Axes           | 2 3 4 5 6 10 | 10.4
Fighting       | 6 |  6.8
Armour         | 6 |  6.2
Shields        | |  2.6

Action                   |  1- 3 |  4- 6 |  7- 9 || total
-------------------------+-------+-------+-------++-------
Melee: War axe           |    75 |    79 |       ||   154
  Use: Potion            |       |     6 |     1 ||     7
Armor: Scale mail        |    44 |    27 |       ||    71
Dodge: Dodged            |    29 |    30 |       ||    59
Block: Buckler           |    32 |    32 |       ||    64
